[ PARTIDA AOE2 · #504950227 ]
UnrankedWu vs Britons
Equipo del jugador · VICT
Equipo rival · DERR
[ ANÁLISIS DE REPETICIÓN · EXTRAÍDO DE LA PARTIDA GRABADA ]
Feudal
10:36
Castillos
15:59
Imperial
—
| APM promedio | 44.2 |
| APM pico | 91 |
| eAPM promedio | 18.5 |
| Aldeanos / militares | 71 / 3 |
Foco
⚔️ 41.5% · 🌾 58.5%
Unknown (1974) ×55 · Monk ×3
Feudal
11:05
Castillos
—
Imperial
—
| APM promedio | 42.3 |
| APM pico | 75 |
| eAPM promedio | 22.8 |
| Aldeanos / militares | 60 / 70 |
Foco
⚔️ 42.6% · 🌾 57.4%
Militia ×61 · Archer ×9
Mapa de la partida
Recursos iniciales + cada clic de construcción. Líneas = muros · curvas = relieve. ◆ oro · ⬟ piedra · ● bayas · ✦ reliquia · ◌ hueco del cierre
Tu base· Abierta — el rival se encerró
Base de Chang Hua· ✓ Cerrada en 12:00 · 78t muro · sin puerta
Terreno inicial suavizado · ◌ = hueco del cierre detectado · pasá el cursor para detalles
Inputs por minuto
— 远程OB总指挥 - - Chang Hua
Build order — 远程OB总指挥
Primeras 150 de 201 acciones detectadas
| 0:02 | Encolar | Villager (Male) |
| 0:02 | Encolar | Villager (Male) |
| 0:02 | Encolar | Villager (Male) |
| 0:02 | Encolar | Villager (Male) |
| 0:02 | Encolar | Villager (Male) |
| 0:03 | Construir | House |
| 0:05 | Construir | House |
| 1:23 | Encolar | Villager (Male) |
| 1:24 | Encolar | Villager (Male) |
| 1:55 | Encolar | Villager (Male) |
| 1:55 | Encolar | Villager (Male) |
| 2:22 | Construir | Lumber Camp |
| 2:23 | Encolar | Villager (Male) |
| 2:23 | Encolar | Villager (Male) |
| 2:38 | Encolar | Villager (Male) |
| 2:38 | Encolar | Villager (Male) |
| 3:01 | Construir | House |
| 3:06 | Encolar | Villager (Male) |
| 3:06 | Encolar | Villager (Male) |
| 3:20 | Encolar | Villager (Male) |
| 3:20 | Encolar | Villager (Male) |
| 3:20 | Encolar | Villager (Male) |
| 3:46 | Encolar | Villager (Male) |
| 3:47 | Encolar | Villager (Male) |
| 4:29 | Construir | Mill |
| 4:30 | Encolar | Villager (Male) |
| 4:30 | Encolar | Villager (Male) |
| 4:55 | Encolar | Villager (Male) |
| 4:55 | Encolar | Villager (Male) |
| 4:55 | Encolar | Villager (Male) |
| 5:08 | Construir | House |
| 5:13 | Encolar | Villager (Male) |
| 5:13 | Encolar | Villager (Male) |
| 6:17 | Encolar | Villager (Male) |
| 6:21 | Construir | Mill |
| 6:39 | Encolar | Villager (Male) |
| 6:39 | Encolar | Villager (Male) |
| 7:08 | Construir | Mining Camp |
| 7:17 | Investigar | Loom |
| 7:41 | Construir | Palisade Wall |
| 7:45 | Construir | Palisade Wall |
| 8:26 | Investigar | Feudal Age |
| 8:26 | Investigar | Feudal Age |
| 9:03 | Construir | Palisade Wall |
| 9:05 | Construir | Palisade Wall |
| 9:10 | Construir | Palisade Wall |
| 9:18 | Construir | Palisade Wall |
| 9:20 | Construir | Palisade Wall |
| 9:23 | Construir | Palisade Wall |
| 9:24 | Construir | Palisade Wall |
| 9:26 | Construir | Palisade Wall |
| 9:28 | Construir | Palisade Wall |
| 9:32 | Construir | Palisade Wall |
| 9:36 | Construir | Palisade Wall |
| 9:41 | Encolar | Villager (Male) |
| 9:41 | Encolar | Villager (Male) |
| 10:36 | Edad | Edad Feudal |
| 10:43 | Construir | Blacksmith |
| 12:23 | Construir | Market |
| 12:42 | Construir | Lumber Camp |
| 13:19 | Investigar | Castle Age |
| 13:19 | Investigar | Castle Age |
| 13:33 | Construir | House |
| 13:43 | Construir | Farm |
| 13:44 | Construir | Farm |
| 14:15 | Construir | Barracks |
| 14:22 | Construir | Farm |
| 14:46 | Construir | House |
| 14:53 | Investigar | Scale Mail Armor |
| 14:53 | Investigar | Scale Mail Armor |
| 15:02 | Construir | Farm |
| 15:10 | Construir | Farm |
| 15:22 | Construir | Farm |
| 15:46 | Construir | Palisade Wall |
| 15:49 | Construir | Palisade Wall |
| 15:59 | Edad | Edad de los Castillos |
| 16:00 | Construir | Palisade Wall |
| 16:02 | Encolar | Unit 1974 |
| 16:02 | Encolar | Unit 1974 |
| 16:02 | Encolar | Villager (Male) |
| 16:36 | Construir | Barracks |
| 16:49 | Construir | Farm |
| 17:04 | Encolar | Unit 1974 |
| 17:05 | Encolar | Villager (Male) |
| 17:05 | Encolar | Villager (Male) |
| 17:16 | Encolar | Unit 1974 |
| 17:16 | Encolar | Unit 1974 |
| 17:40 | Encolar | Unit 1974 |
| 17:40 | Encolar | Unit 1974 |
| 17:40 | Encolar | Villager (Male) |
| 17:41 | Encolar | Villager (Male) |
| 18:04 | Encolar | Unit 1974 |
| 18:20 | Encolar | Villager (Male) |
| 18:20 | Encolar | Villager (Male) |
| 18:40 | Encolar | Unit 1974 |
| 19:11 | Encolar | Unit 1974 |
| 19:11 | Encolar | Unit 1974 |
| 19:11 | Encolar | Unit 1974 |
| 19:16 | Construir | Farm |
| 19:28 | Construir | House |
| 19:38 | Encolar | Unit 1974 |
| 19:38 | Encolar | Unit 1974 |
| 19:38 | Encolar | Unit 1974 |
| 19:40 | Encolar | Villager (Male) |
| 19:41 | Encolar | Villager (Male) |
| 19:41 | Encolar | Villager (Male) |
| 19:47 | Construir | House |
| 19:53 | Construir | Farm |
| 20:09 | Encolar | Unit 1974 |
| 20:09 | Encolar | Unit 1974 |
| 20:11 | Construir | House |
| 20:35 | Encolar | Unit 1974 |
| 20:35 | Encolar | Unit 1974 |
| 20:41 | Construir | House |
| 20:48 | Encolar | Unit 1974 |
| 20:48 | Encolar | Unit 1974 |
| 20:48 | Encolar | Unit 1974 |
| 20:55 | Construir | Monastery |
| 21:13 | Encolar | Unit 1974 |
| 21:13 | Encolar | Unit 1974 |
| 21:13 | Encolar | Unit 1974 |
| 21:19 | Encolar | Villager (Male) |
| 21:20 | Encolar | Villager (Male) |
| 21:50 | Encolar | Monk |
| 21:50 | Encolar | Monk |
| 21:55 | Investigar | Squires |
| 21:56 | Investigar | Squires |
| 22:06 | Construir | Farm |
| 22:16 | Encolar | Villager (Male) |
| 22:16 | Encolar | Villager (Male) |
| 22:24 | Construir | Farm |
| 22:24 | Construir | Farm |
| 22:37 | Encolar | Villager (Male) |
| 22:47 | Encolar | Unit 1974 |
| 22:47 | Encolar | Unit 1974 |
| 22:48 | Encolar | Unit 1974 |
| 23:11 | Encolar | Unit 1974 |
| 23:15 | Construir | Farm |
| 23:16 | Construir | Farm |
| 23:17 | Encolar | Villager (Male) |
| 23:18 | Encolar | Villager (Male) |
| 23:18 | Encolar | Villager (Male) |
| 23:24 | Encolar | Villager (Male) |
| 23:40 | Investigar | Double-Bit Axe |
| 23:40 | Investigar | Double-Bit Axe |
| 23:53 | Construir | Farm |
| 24:06 | Encolar | Monk |
| 24:23 | Encolar | Villager (Male) |
| 24:26 | Investigar | Arson |
| 24:27 | Investigar | Arson |
Build order — Chang Hua
Primeras 150 de 219 acciones detectadas
| 0:01 | Encolar | Villager (Male) |
| 0:02 | Construir | House |
| 0:03 | Construir | House |
| 0:06 | Encolar | Villager (Male) |
| 0:11 | Encolar | Villager (Male) |
| 0:32 | Encolar | Villager (Male) |
| 1:24 | Encolar | Villager (Male) |
| 1:43 | Encolar | Villager (Male) |
| 1:50 | Construir | Lumber Camp |
| 2:01 | Encolar | Villager (Male) |
| 2:23 | Encolar | Villager (Male) |
| 2:28 | Construir | Palisade Wall |
| 2:31 | Construir | Palisade Wall |
| 2:42 | Encolar | Villager (Male) |
| 3:08 | Encolar | Villager (Male) |
| 3:08 | Encolar | Villager (Male) |
| 3:27 | Encolar | Villager (Male) |
| 4:05 | Construir | House |
| 4:09 | Investigar | Loom |
| 4:13 | Construir | Palisade Wall |
| 4:14 | Construir | Palisade Wall |
| 4:25 | Encolar | Villager (Male) |
| 4:31 | Encolar | Villager (Male) |
| 4:52 | Encolar | Villager (Male) |
| 4:56 | Encolar | Villager (Male) |
| 4:58 | Encolar | Villager (Male) |
| 5:19 | Encolar | Villager (Male) |
| 5:28 | Encolar | Villager (Male) |
| 5:36 | Construir | House |
| 5:39 | Encolar | Villager (Male) |
| 5:52 | Encolar | Villager (Male) |
| 6:04 | Encolar | Villager (Male) |
| 6:06 | Encolar | Villager (Male) |
| 6:30 | Encolar | Villager (Male) |
| 6:33 | Construir | Barracks |
| 6:44 | Encolar | Villager (Male) |
| 6:51 | Encolar | Villager (Male) |
| 7:04 | Encolar | Villager (Male) |
| 7:27 | Construir | Mill |
| 7:28 | Encolar | Villager (Male) |
| 7:35 | Encolar | Militia |
| 7:35 | Encolar | Militia |
| 7:48 | Encolar | Villager (Male) |
| 7:57 | Construir | House |
| 8:03 | Encolar | Villager (Male) |
| 8:09 | Encolar | Villager (Male) |
| 8:27 | Construir | House |
| 8:29 | Construir | Palisade Wall |
| 8:30 | Construir | Palisade Wall |
| 8:32 | Construir | Palisade Wall |
| 8:34 | Construir | Palisade Wall |
| 8:55 | Investigar | Feudal Age |
| 9:01 | Construir | Palisade Wall |
| 9:47 | Construir | House |
| 9:58 | Encolar | Militia |
| 10:08 | Construir | Mining Camp |
| 10:12 | Construir | Palisade Wall |
| 10:26 | Construir | Palisade Wall |
| 11:05 | Edad | Edad Feudal |
| 11:07 | Construir | Palisade Wall |
| 11:18 | Investigar | Man-at-Arms (upgrade) |
| 11:22 | Construir | Palisade Wall |
| 11:33 | Encolar | Villager (Male) |
| 11:40 | Construir | Archery Range |
| 11:53 | Encolar | Villager (Male) |
| 12:17 | Encolar | Villager (Male) |
| 12:22 | Construir | Mill |
| 12:31 | Encolar | Archer |
| 12:35 | Encolar | Villager (Male) |
| 12:50 | Investigar | Double-Bit Axe |
| 13:00 | Encolar | Archer |
| 13:24 | Construir | Farm |
| 13:28 | Encolar | Villager (Male) |
| 13:55 | Construir | Blacksmith |
| 13:56 | Construir | House |
| 14:03 | Encolar | Archer |
| 14:16 | Encolar | Villager (Male) |
| 14:19 | Construir | Farm |
| 14:49 | Encolar | Militia |
| 14:50 | Encolar | Archer |
| 14:54 | Encolar | Villager (Male) |
| 15:13 | Investigar | Fletching |
| 15:18 | Construir | Lumber Camp |
| 15:23 | Construir | Farm |
| 15:39 | Encolar | Villager (Male) |
| 15:48 | Investigar | Scale Mail Armor |
| 16:03 | Encolar | Archer |
| 16:29 | Encolar | Militia |
| 16:37 | Construir | Farm |
| 16:37 | Construir | Farm |
| 16:37 | Construir | Farm |
| 16:38 | Construir | Farm |
| 16:38 | Construir | Farm |
| 16:39 | Encolar | Villager (Male) |
| 16:46 | Encolar | Militia |
| 17:04 | Encolar | Archer |
| 17:12 | Encolar | Archer |
| 17:32 | Encolar | Militia |
| 17:42 | Encolar | Militia |
| 17:47 | Encolar | Villager (Male) |
| 17:51 | Encolar | Villager (Male) |
| 18:12 | Construir | Barracks |
| 18:15 | Encolar | Villager (Male) |
| 18:17 | Construir | Farm |
| 18:19 | Construir | Farm |
| 18:30 | Encolar | Archer |
| 18:32 | Encolar | Militia |
| 18:36 | Encolar | Militia |
| 18:45 | Encolar | Villager (Male) |
| 19:07 | Encolar | Villager (Male) |
| 19:09 | Encolar | Villager (Male) |
| 19:12 | Construir | Farm |
| 19:14 | Construir | Farm |
| 19:15 | Construir | Farm |
| 19:19 | Construir | House |
| 19:25 | Encolar | Villager (Male) |
| 19:35 | Encolar | Villager (Male) |
| 19:38 | Construir | Farm |
| 19:50 | Encolar | Militia |
| 19:51 | Investigar | Forging |
| 19:56 | Encolar | Archer |
| 20:00 | Construir | House |
| 20:03 | Construir | House |
| 20:05 | Encolar | Villager (Male) |
| 20:17 | Encolar | Militia |
| 20:23 | Construir | Farm |
| 20:29 | Construir | Market |
| 20:30 | Construir | House |
| 20:31 | Encolar | Villager (Male) |
| 20:35 | Encolar | Villager (Male) |
| 20:38 | Construir | Farm |
| 20:41 | Construir | Farm |
| 20:45 | Investigar | Horse Collar |
| 20:47 | Construir | House |
| 20:56 | Encolar | Villager (Male) |
| 21:00 | Construir | Farm |
| 21:17 | Construir | House |
| 21:26 | Encolar | Militia |
| 21:30 | Encolar | Militia |
| 21:33 | Construir | Barracks |
| 21:36 | Encolar | Militia |
| 21:37 | Encolar | Villager (Male) |
| 21:50 | Encolar | Villager (Male) |
| 21:56 | Construir | House |
| 21:57 | Encolar | Villager (Male) |
| 22:03 | Construir | House |
| 22:11 | Encolar | Militia |
| 22:15 | Construir | Stone Wall |
| 22:17 | Construir | Stone Wall |
| 22:19 | Construir | Stone Wall |
Cronología de la partida
| 2:28 | Chang Hua · wall_segment Palisade Wall x1 |
| 2:31 | Chang Hua · wall_segment Palisade Wall x1 |
| 4:13 | Chang Hua · wall_segment Palisade Wall x1 |
| 4:14 | Chang Hua · wall_segment Palisade Wall x1 |
| 6:33 | Chang Hua · first_building Barracks |
| 7:41 | 远程OB总指挥 · wall_segment Palisade Wall x8 |
| 7:45 | 远程OB总指挥 · wall_segment Palisade Wall x3 |
| 8:29 | Chang Hua · wall_segment Palisade Wall x8 |
| 8:30 | Chang Hua · wall_segment Palisade Wall x5 |
| 8:32 | Chang Hua · wall_segment Palisade Wall x11 |
| 8:34 | Chang Hua · wall_segment Palisade Wall x5 |
| 9:01 | Chang Hua · wall_segment Palisade Wall x10 |
| 9:03 | 远程OB总指挥 · wall_segment Palisade Wall x1 |
| 9:05 | 远程OB总指挥 · wall_segment Palisade Wall x1 |
| 9:10 | 远程OB总指挥 · wall_segment Palisade Wall x1 |
| 9:18 | 远程OB总指挥 · wall_segment Palisade Wall x1 |
| 9:20 | 远程OB总指挥 · wall_segment Palisade Wall x1 |
| 9:23 | 远程OB总指挥 · wall_segment Palisade Wall x1 |
| 9:24 | 远程OB总指挥 · wall_segment Palisade Wall x1 |
| 9:26 | 远程OB总指挥 · wall_segment Palisade Wall x1 |
| 9:28 | 远程OB总指挥 · wall_segment Palisade Wall x1 |
| 9:32 | 远程OB总指挥 · wall_segment Palisade Wall x1 |
| 9:36 | 远程OB总指挥 · wall_segment Palisade Wall x1 |
| 10:12 | Chang Hua · wall_segment Palisade Wall x7 |
| 10:26 | Chang Hua · wall_segment Palisade Wall x10 |
| 10:36 | 远程OB总指挥 · age_up feudal |
| 11:05 | Chang Hua · age_up feudal |
| 11:07 | Chang Hua · wall_segment Palisade Wall x3 |
| 11:22 | Chang Hua · wall_segment Palisade Wall x15 |
| 11:40 | Chang Hua · first_building Archery Range |
| 14:15 | 远程OB总指挥 · first_building Barracks |
| 15:46 | 远程OB总指挥 · wall_segment Palisade Wall x1 |
| 15:49 | 远程OB总指挥 · wall_segment Palisade Wall x2 |
| 15:59 | 远程OB总指挥 · age_up castle |
| 16:00 | 远程OB总指挥 · wall_segment Palisade Wall x1 |
| 17:13 | 远程OB总指挥 · first_market_sell 100 stone |
| 17:14 | 远程OB总指挥 · first_market_buy 100 food |
| 20:55 | 远程OB总指挥 · first_building Monastery |
| 22:15 | Chang Hua · wall_segment Stone Wall x1 |
| 22:17 | Chang Hua · wall_segment Stone Wall x1 |
| 22:19 | Chang Hua · wall_segment Stone Wall x1 |
| 22:45 | Chang Hua · wall_segment Stone Wall x1 |
| 22:47 | Chang Hua · wall_segment Stone Wall x1 |
| 22:50 | Chang Hua · wall_segment Stone Wall x1 |
| 27:35 | Chang Hua · first_market_buy 100 food |
| 27:36 | Chang Hua · first_market_sell 100 wood |
| 29:08 | Chang Hua · resign |
[ ANÁLISIS IA · 1 CRÉDITO ]
¿Qué pasó realmente en esta partida?
Wolo.gg analiza cada decisión: build order, eco, micro, errores típicos por bracket. Análisis personalizado por WhatsApp o Discord en 30 segundos.
Guía civ
Wu
Perfil
远程OB总指挥